 Dungeon Crawl Stone Soup version 0.28.0-53-g5a82cb258f (webtiles) character file.

Game seed: 10318651707974445045

155340 protoss039 the Warrior (level 17, -1/149 HPs)
             Began as a Demonspawn Earth Elementalist on June 16, 2022.
             Was the Champion of Vehumet.
             Slain by an emperor scorpion (17 damage)
             ... on level 3 of the Spider Nest.
             The game lasted 01:42:56 (45704 turns).

protoss039 the Warrior (DsEE)                      Turns: 45704, Time: 01:42:57

Health: -1/149     AC: 16    Str: 13    XL:     17   Next: 8%
Magic:  14/45      EV: 17    Int: 28    God:    Vehumet [******]
Gold:   1045       SH:  0    Dex: 12    Spells: 9/47 levels left

rFire   . . .      SeeInvis +   b - +11 lajatang "Moudoof" {freeze, *Noise Int+6 Dex-2 SInv}
rCold   + . .      Faith    .   (shield currently unavailable)
rNeg    . . .      Spirit   .   H - +4 robe of the Volcano {Str+4}
rPois   +          Reflect  .   w - +0 helmet
rElec   .          Harm     .   l - +2 cloak {rCorr}
rCorr   +          Rampage  .   L - +0 pair of gloves of Ysol {rPois}
Will    +....                   x - +2 pair of boots
Stlth   ++........              k - amulet of regeneration
HPRegen 1.14/turn               u - ring of magical power
MPRegen 0.29/turn               j - ring of protection from cold

@: mighty, agile, lethally poisoned (-1 -> -27), spiked, very slightly
contaminated
A: claws 2, ignite blood 3, powered by pain 2, sturdy frame 2, weak 1
a: Renounce Religion


You were on level 3 of the Spider Nest.
You worshipped Vehumet.
Vehumet was exalted by your worship.
You visited 6 branches of the dungeon, and saw 28 of its levels.
You also visited: Bailey, Gauntlet and Volcano.

You collected 3030 gold pieces.
You spent 1985 gold pieces at shops.

Inventory:

Hand Weapons
 b - the +11 lajatang "Moudoof" (weapon) {freeze, *Noise Int+6 Dex-2 SInv}
   (You acquired it in a bailey)

   It freezes those it strikes, dealing additional cold damage.
   It can also slow down cold-blooded creatures.
   Int:       It affects your intelligence (+6).
   Dex:       It affects your dexterity (-2).
   SInv:      It lets you see invisible.
   *Noise:    It may make noises in combat.
 V - the +8 war axe "Rykaweudd" {protect, rC+ Str+2}
   (You took it off a centaur warrior on level 14 of the Dungeon)

   It grants its wielder temporary protection when it strikes (+7 to AC).
   Str:       It affects your strength (+2).
   rC:        It protects you from cold.
Missiles
 c - 537 stones
 f - a throwing net
Armour
 d - a +2 robe of cold resistance
 l - a +2 cloak of preservation (worn)
 w - a +0 helmet (worn)
 x - a +2 pair of boots (worn)
 E - a +2 buckler
 H - the +4 robe of the Volcano (worn) {Str+4}
   (You bought it in a shop on level 7 of the Dungeon)

   Str:       It affects your strength (+4).
 L - the +0 pair of gloves of Ysol (worn) {rPois}
   (You found it in a volcano)

   rPois:     It protects you from poison.
 M - a +2 robe of willpower
 O - a +2 robe of fire resistance
Magical Staves
 q - a staff of earth
Jewellery
 j - a ring of protection from cold (right hand)
 k - an amulet of regeneration (around neck)
 u - a ring of magical power (left hand)
 y - a ring of fire
 P - the ring of the Past {Fly rF- rCorr SInv}
   (You found it on level 10 of the Dungeon)

   [ring of see invisible]

   rF:        It makes you vulnerable to fire.
   SInv:      It lets you see invisible.
   Fly:       It grants you flight.
   rCorr:     It protects you from acid and corrosion.
 T - a ring of poison resistance
 X - an amulet of reflection
Wands
 a - a wand of acid (11)
 p - a wand of iceblast (27)
 F - a wand of digging (6)
 W - a wand of paralysis (14)
Scrolls
 e - 2 scrolls of amnesia
 g - 7 scrolls of enchant weapon
 i - 4 scrolls of magic mapping
 n - 6 scrolls of teleportation
 o - 2 scrolls of brand weapon
 s - a scroll of silence
 t - 4 scrolls of fog
 v - 3 scrolls of enchant armour
 z - 3 scrolls of blinking
 G - a scroll of torment
 K - 2 scrolls of summoning
 S - 3 scrolls of fear
Potions
 h - 3 potions of ambrosia
 m - 5 potions of curing
 r - a potion of haste
 A - 2 potions of resistance
 B - 5 potions of lignification
 C - 3 potions of might
 D - 4 potions of heal wounds
 I - 3 potions of magic
 J - 3 potions of mutation
 N - 9 potions of invisibility
 R - 4 potions of cancellation
 U - 3 potions of brilliance


   Skills:
 * Level 17.9 Fighting
 + Level 7.9 Armour
 - Level 1.7 Dodging
 - Level 1.7 Stealth
 + Level 4.0 Shields
 * Level 15.9 Spellcasting
 + Level 10.6 Conjurations
 - Level 6.0 Necromancy
 - Level 3.0 Transmutations
 * Level 11.6 Earth Magic


You had 9 spell levels left.
You knew the following spells:

 Your Spells              Type           Power      Damage    Failure   Level
a - Sandblast             Erth           100%       2d20      0%          1
b - Passwall              Tmut/Erth      49%        N/A       1%          2
c - Stone Arrow           Conj/Erth      100%       3d13      1%          3
d - Olgreb's Toxic Radia  Pois           22%        N/A       6%          4
e - Iskenderun's Mystic   Conj/Tloc      51%        2d11      1%          4
f - Irradiate             Conj/Tmut      28%        3d23      1%          5
g - Mephitic Cloud        Conj/Pois/Air  42%        N/A       1%          3
h - Freezing Cloud        Conj/Ice/Air   21%        6-21      4%          5
i - Borgnjor's Vile Clut  Necr/Erth      32%        N/A       1%          5
j - Iron Shot             Conj/Erth      35%        9d7       1%          6

Your spell library contained the following spells:

 Spells                   Type           Power      Damage    Failure   Level
 Iskenderun's Battlesphe  Conj           70%        2d12      1%          5
 Animate Skeleton         Necr           100%       N/A       1%          1
 Freeze                   Ice            88%        1d10      1%          1
 Pain                     Necr           100%       1d9       1%          1
 Searing Ray              Conj           100%       2d8       1%          2
 Sublimation of Blood     Necr           54%        N/A       1%          2
 Conjure Flame            Conj/Fire      51%        6-21      1%          3
 Dazzling Flash           Conj/Hex       100%       N/A       1%          3
 Ignite Poison            Fire/Tmut/Pois 27%        N/A       1%          3
 Vampiric Draining        Necr           54%        2d9       1%          3
 Animate Armour           Summ/Erth      100%       N/A       1%          4
 Animate Dead             Necr           27%        N/A       1%          4
 Flame Wave               Conj/Fire      51%        2d10      1%          4
 Fulminant Prism          Conj/Hex       25%        3d14      1%          4
 Leda's Liquefaction      Hex/Erth       26%        N/A       1%          4
 Petrify                  Tmut/Erth      59%        N/A       1%          4
 Sticky Flame             Conj/Fire      51%        2d7       1%          4
 Fireball                 Conj/Fire      25%        3d11      1%          5
 Lee's Rapid Deconstruct  Erth           36%        3d19*     1%          5
 Lightning Bolt           Conj/Air       25%        1d41      1%          5
 Slow                     Hex            88%        N/A       2%          1
 Summon Small Mammal      Summ           88%        N/A       2%          1
 Airstrike                Air            11%        N/A       6%          4
 Call Canine Familiar     Summ           22%        N/A       7%          3
 Confusing Touch          Hex            22%        N/A       7%          3
 Gell's Gravitas          Tloc           22%        N/A       7%          3
 Lesser Beckoning         Tloc           22%        N/A       7%          3
 Portal Projectile        Hex/Tloc       44%        N/A       7%          3
 Summon Guardian Golem    Hex/Summ       22%        N/A       7%          3
 Teleport Other           Tloc           22%        N/A       7%          3
 Orb of Destruction       Conj           35%        9d10      7%          7
 Starburst                Conj/Fire      25%        6d8       11%         6
 Statue Form              Tmut/Erth      39%        N/A       17%         6
 Cause Fear               Hex            11%        N/A       22%         4
 Summon Lightning Spire   Summ/Air       22%        N/A       22%         4
 Death Channel            Necr           27%        N/A       28%         6
 Alistair's Intoxication  Tmut/Pois      20%        N/A       32%         5
 Lehudib's Crystal Spear  Conj/Erth      35%        10d9      36%         8
 Eringya's Noxious Bog    Tmut/Pois      15%        N/A       41%         6
 Spellforged Servitor     Conj/Summ      25%        N/A       45%         7
 Metabolic Englaciation   Hex/Ice        11%        N/A       52%         5
 Dispersal                Tloc           11%        N/A       98%         6
 Ozocubu's Refrigeration  Ice            11%        4d7       98%         7
 Shatter                  Erth           36%        3d29*     98%         9
 Dragon Form              Tmut           19%        N/A       99%         7
 Malign Gateway           Summ/Tloc      11%        N/A       100%        7
 Ignition                 Fire           11%        3d5       100%        8
 Summon Horrible Things   Summ           11%        N/A       100%        8
 Dragon's Call            Summ           11%        N/A       100%        9
 Polar Vortex             Ice            11%        N/A       100%        9


Dungeon Overview and Level Annotations

Branches:
Dungeon (15/15)            Temple (1/1) D:5            Lair (6/6) D:10
  Swamp (1/4) Lair:2       Spider (3/4) Lair:2        Slime (0/5) Lair:5
    Orc (2/2) D:10            Elf (0/3) Orc:2        Vaults (0/5) D:14
 Bailey (visited)         Volcano (visited)         Gauntlet (visited)
 Depths: D:15

Altars:
Ashenzari
Cheibriados
Dithmenos
Elyvilon
Fedhas
Gozag
Hepliaklqana
Kikubaaqudgha
Makhleb
Nemelex Xobeh
Okawaru
Qazlal
Ru
Sif Muna
Trog
Uskayaw
Vehumet
Wu Jian
Xom
Yredelemnul
Zin
The Shining One
Beogh

Shops:
D:1 !   D:7 [   Orc:1 !!!:[   Orc:2 =?(=

Annotations:
D:15 exclusions: fire dragon and ice dragon


Innate Abilities, Weirdness & Mutations

You have very sharp fingernails.
Your demonic aura causes all spilled blood to erupt in flames.
You sometimes gain power by taking damage.
Your movements are less encumbered by armour. (ER -4)
You are weak. (Str -2)


Message History

The emperor scorpion claws you.
Unknown command.
You hit the emperor scorpion but do no damage.
The emperor scorpion is heavily wounded.
The zombie hands constrict the emperor scorpion, but do no damage.
You feel extremely sick.
The zombie hands release their grip on the emperor scorpion.
The emperor scorpion stings you!!
You focus on the pain.
You feel agile all of a sudden.
You are more poisoned.
The emperor scorpion poisons you!
The emperor scorpion closely misses you.
The emperor scorpion barely misses you.
Unknown command.
You slash the emperor scorpion! You freeze the emperor scorpion.
The emperor scorpion is severely wounded.
You feel extremely sick.
The emperor scorpion is engulfed in blazing flames.
The emperor scorpion stings you but does no damage.
The emperor scorpion claws you.
The emperor scorpion claws you but does no damage.
The emperor scorpion is engulfed in blazing flames.
The emperor scorpion stings you! The emperor scorpion barely misses you.
The emperor scorpion closely misses you.
Unknown command.
You hit the emperor scorpion but do no damage.
Your lajatang "Moudoof" complains about the scenery.
The emperor scorpion is severely wounded.
* * * LOW HITPOINT WARNING * * *
You feel extremely sick.
You hear an angry hiss.
The emperor scorpion is engulfed in blazing flames.
The emperor scorpion stings you!!
* * * LOW HITPOINT WARNING * * *
You focus on the pain.
You feel very mighty all of a sudden.
The emperor scorpion claws you but does no damage. x2
The emperor scorpion is engulfed in blazing flames.
The emperor scorpion stings you!
You die...

.^ ## ##.######
#.##.# #..#....
.....### #..#....
###....#^###
#......###.#..#...^.#
#.....#...^..#..^.##
#.##........#......
#^§○.###..^......^^
#s@☼.........^....#
#.#.#......#..######
^. ##....^.^.......^#
... ####.^...#..##.##
... #.^^.....#...#..
#. #^........^..... .
###..##..........
#^##.......^... .
#.....#.#....##


You could see an emperor scorpion.

Vanquished Creatures
  Arachne (Spider:2)
  Jorgrun (Spider:3)
  Agnes (D:14)
  An orc warlord (Orc:2)
  2 ghost moths
  3 broodmothers
  A minotaur (Gauntlet)
  4 entropy weavers
  A spark wasp (Spider:2)
  Josephine (Lair:5)
  11 boulder beetles
  5 hydras
  2 radroaches
  A catoblepas (D:14)
  6 centaur warriors
  A death knight (D:14)
  2 ogre magi
  8 two-headed ogres
  4 death yaks
  3 orc high priests (Orc:2)
  A sun demon (Volcano)
  2 pharaoh ants
  A skeletal warrior (D:14)
  A sun moth (Spider:2)
  6 steelbarb worms
  A swamp dragon (Lair:2)
  A bog body (Lair:1)
  2 wizards (D:14)
  5 orb spiders
  An orange crystal statue (Gauntlet)
  7 orc knights
  8 manticores
  2 deep elf pyromancers
  2 oklob plants
  11 ugly things
  4 orc sorcerers
  8 cyclopes
  13 wolf spiders
  3 moths of wrath
  10 elephants
  5 torpor snails
  17 cane toads
  3 black mambas
  4 centaur skeletons (D:14)
  A gargoyle (D:10)
  7 demonic crawlers
  An unseen horror (D:12)
  Maggie (D:7)
  2 kobold demonologists (D:12)
  4 yaktaurs
  2 tengu conjurers (D:13)
  18 rime drakes
  An efreet (D:13)
  8 komodo dragons
  An ice devil (Lair:1)
  A queen bee (Spider:2)
  9 polar bears
  7 trolls
  6 meliai (Spider:2)
  A troll (shapeshifter) (D:13)
  A tyrant leech (Gauntlet)
  A hornet (shapeshifter) (D:14)
  Prince Ribbit (D:7)
  17 tarantellas
  7 slime creatures
  18 blink frogs
  10 dream sheep
  7 hornets
  6 wraiths
  28 jumping spiders
  13 spriggans (Lair:6)
  9 culicivoras
  42 yaks
  17 wyverns
  7 fire bats (Volcano)
  A human (shapeshifter) (D:15)
  8 basilisks
  10 steam dragons
  9 vampire mosquitoes
  34 redbacks
  5 wargs
  6 swamp worms (Gauntlet)
  2 acid dragons
  19 water moccasins
  27 orc warriors
  3 hell hounds (Volcano)
  3 sky beasts
  An ice beast (D:6)
  2 black bears
  A necrophage (D:6)
  4 ogres
  14 centaurs
  9 boggarts
  20 wolves
  6 kobold brigands
  2 phantoms
  8 bullfrogs
  A gnoll sergeant (D:7)
  4 scorpions
  A cane toad simulacrum (Lair:1)
  A water moccasin skeleton (D:5)
  24 killer bees
  2 howler monkeys (D:10)
  3 wights
  6 electric eels
  2 centaur zombies
  6 lava snakes (Volcano)
  A jelly (D:6)
  3 hounds
  16 orc priests
  2 bullfrog skeletons
  A gnoll shaman (D:6)
  An iron imp (D:11)
  2 iguanas
  8 hell rats (Lair:5)
  24 orc wizards
  2 troll simulacra (Lair:1)
  A spriggan simulacrum (Lair:1)
  A killer bee zombie (D:9)
  2 hound skeletons
  A howler monkey skeleton (D:7)
  8 adders
  20 gnolls
  A shadow imp (D:5)
  A white imp (D:8)
  2 worms
  3 dart slugs
  80 orcs
  9 ball pythons
  7 endoplasms
  2 giant cockroaches
  49 goblins
  28 hobgoblins
  2 jackals (D:3)
  8 quokkas
  6 bats
  4 frilled lizards
  33 kobolds
  A quokka skeleton (D:4)
  8 rats
  3 bushes (Lair:1)
1015 creatures vanquished.

Vanquished Creatures (others)
  An electric eel (Lair:3)
  4 bushes
  72 fungi
  102 plants
179 creatures vanquished.

Grand Total: 1194 creatures vanquished

Notes
Turn   | Place    | Note
-------+----------+-------------------------------------------
     0 | D:1      | protoss039 the Demonspawn Earth Elementalist began the
                  | quest for the Orb.
     0 | D:1      | Reached XP level 1. HP: 13/13 MP: 3/3
    14 | D:1      | Reached skill level 1 in Transmutations
   538 | D:1      | Gained mutation: You have sharp fingernails. [demonic
                  | ancestry]
   538 | D:1      | Reached XP level 2. HP: 20/20 MP: 0/5
   780 | D:1      | Reached skill level 1 in Fighting
  1062 | D:1      | Found Esivvet's Distillery.
  1464 | D:2      | Learned a level 2 spell: Passwall
  1714 | D:2      | Gained mutation: Your movements are slightly less
                  | encumbered by armour. (ER -2) [demonic ancestry]
  1714 | D:2      | Reached XP level 3. HP: 26/26 MP: 6/6
  1754 | D:2      | Reached skill level 1 in Armour
  2584 | D:2      | Found a faded altar of an unknown god.
  2608 | D:2      | Reached skill level 2 in Fighting
  3056 | D:2      | Reached XP level 4. HP: 22/33 MP: 3/7
  3758 | D:2      | Learned a level 3 spell: Stone Arrow
  4429 | D:3      | Reached skill level 1 in Conjurations
  4623 | D:3      | Gained mutation: You sometimes gain a little power by
                  | taking damage. [demonic ancestry]
  4623 | D:3      | Reached XP level 5. HP: 39/39 MP: 6/8
  5221 | D:3      | Reached skill level 3 in Fighting
  6057 | D:3      | Reached XP level 6. HP: 30/47 MP: 6/10
  7810 | D:4      | Reached skill level 4 in Fighting
  7810 | D:4      | Gained mutation: You have very sharp fingernails. [demonic
                  | ancestry]
  7810 | D:4      | Reached XP level 7. HP: 29/54 MP: 7/11
  8396 | D:5      | Entered Level 5 of the Dungeon
  8396 | D:5      | Noticed a two-headed ogre
  8409 | D:5      | Killed a two-headed ogre
  8410 | D:5      | Reached skill level 5 in Fighting
  8410 | D:5      | Reached XP level 8. HP: 55/64 MP: 0/14
  8547 | D:5      | Reached skill level 6 in Fighting
  9431 | D:5      | Reached skill level 5 in Earth Magic
  9534 | D:5      | Found a staircase to the Ecumenical Temple.
  9547 | D:5      | Found a basalt altar of Yredelemnul.
  9601 | D:5      | Reached skill level 7 in Fighting
  9693 | Temple   | Entered the Ecumenical Temple
  9775 | Temple   | Became a worshipper of Vehumet
  9957 | D:5      | Found a stormy altar of Qazlal.
 10078 | D:6      | Reached skill level 5 in Spellcasting
 10304 | D:6      | Reached XP level 9. HP: 72/72 MP: 12/16
 10746 | D:6      | Found an iron altar of Okawaru.
 10750 | D:6      | Found a sacrificial altar of Ru.
 10752 | D:6      | Found a shimmering blue altar of Sif Muna.
 10753 | D:6      | Found a snail-covered altar of Cheibriados.
 10756 | D:6      | Found a hide-covered altar of Uskayaw.
 10938 | D:6      | Reached skill level 8 in Fighting
 11785 | D:6      | Learned a level 4 spell: Iskenderun's Mystic Blast
 11793 | D:7      | Noticed Maggie
 11801 | D:7      | Killed Maggie
 12298 | D:7      | Found Niakios Gou's Antique Armour Shop.
 12307 | D:7      | Bought a dull robe for 148 gold pieces
 12307 | D:7      | Identified the +4 robe of the Volcano {Str+4} (You bought
                  | it in a shop on level 7 of the Dungeon)
 12524 | D:7      | Noticed Prince Ribbit
 12533 | D:7      | Killed Prince Ribbit
 12573 | D:6      | Reached * piety under Vehumet
 12573 | D:6      | Offered knowledge of Freeze by Vehumet.
 12574 | D:6      | Reached skill level 9 in Fighting
 12722 | D:6      | Gained mutation: You sometimes gain power by taking damage.
                  | [demonic ancestry]
 12722 | D:6      | Reached XP level 10. HP: 77/83 MP: 0/19
 13597 | D:8      | Learned a level 5 spell: Lee's Rapid Deconstruction
 13610 | D:8      | Found a flagged portal.
 13751 | Bailey   | Entered a bailey
 13756 | Bailey   | Noticed an orc warlord
 13831 | Bailey   | Reached skill level 5 in Conjurations
 13965 | Bailey   | Found a runed translucent gate.
 13967 | Bailey   | Found a runed translucent gate.
 13969 | Bailey   | Found a runed translucent gate.
 14017 | Bailey   | Offered knowledge of Foxfire by Vehumet.
 14045 | Bailey   | Acquired the +11 lajatang "Moudoof" {freeze, *Noise Int+6
                  | Dex-2 SInv}
 14130 | Bailey   | Got Sif Muna's Tome of Earthen Bewitchment
 14488 | D:8      | Reached ** piety under Vehumet
 15320 | D:8      | Acquired protoss039's Guide on the Excruciating Rocks
 15322 | D:8      | Acquired the Grimoire of Harmful Stones
 15328 | D:8      | Learned a level 3 spell: Mephitic Cloud
 15842 | D:9      | Reached skill level 10 in Fighting
 16324 | D:10     | Entered Level 10 of the Dungeon
 16423 | D:10     | Noticed a gargoyle
 16427 | D:10     | Killed a gargoyle
 16574 | D:10     | Gained mutation: Your demonic aura sometimes causes spilled
                  | blood to erupt in flames. [demonic ancestry]
 16574 | D:10     | Reached XP level 11. HP: 92/92 MP: 19/22
 16765 | D:10     | Found a staircase to the Lair.
 16978 | D:10     | Offered knowledge of Conjure Flame by Vehumet.
 17069 | D:10     | Reached *** piety under Vehumet
 17652 | D:10     | Identified the ring of the Past {Fly rF- rCorr SInv}
 17770 | D:10     | Found a staircase to the Orcish Mines.
 17910 | D:10     | Learned a level 5 spell: Irradiate
 17981 | D:11     | Offered knowledge of Hailstorm by Vehumet.
 18139 | D:11     | Learned a level 4 spell: Olgreb's Toxic Radiance
 18152 | D:11     | Found a snail-covered altar of Cheibriados.
 18215 | D:11     | Noticed a boulder beetle
 18228 | D:11     | Killed a boulder beetle
 18384 | D:11     | Reached skill level 11 in Fighting
 18385 | D:11     | Reached skill level 5 in Armour
 18560 | D:11     | Noticed a two-headed ogre
 18566 | D:11     | Killed a two-headed ogre
 18952 | D:12     | You are sucked into a shaft and drop 1 floor!
 19293 | D:12     | Noticed a two-headed ogre
 19299 | D:12     | Killed a two-headed ogre
 19311 | D:12     | Gained mutation: You are weak. (Str -2) [a neqoxec]
 19641 | D:12     | Reached **** piety under Vehumet
 19869 | D:12     | Noticed a six-headed hydra
 19872 | D:12     | Killed a six-headed hydra
 19873 | D:12     | Gained mutation: Your demonic aura often causes spilled
                  | blood to erupt in flames. [demonic ancestry]
 19873 | D:12     | Reached XP level 12. HP: 100/100 MP: 25/25
 20007 | D:12     | Noticed a boulder beetle
 20016 | D:12     | Killed a boulder beetle
 20958 | D:13     | Reached skill level 12 in Fighting
 21366 | D:14     | Offered knowledge of Ignite Poison by Vehumet.
 21367 | D:14     | Reached skill level 10 in Spellcasting
 21775 | D:14     | Found a runed translucent door.
 21777 | D:14     | Found a runed translucent door.
 21777 | D:14     | Noticed Agnes
 21913 | D:14     | Noticed a two-headed ogre
 22115 | D:14     | Noticed a two-headed ogre
 22122 | D:14     | Killed a two-headed ogre
 22171 | D:14     | Noticed a five-headed hydra
 22178 | D:14     | Killed a five-headed hydra
 22610 | D:14     | Noticed a two-headed ogre
 22610 | D:14     | Noticed a two-headed ogre
 22613 | D:14     | Killed a two-headed ogre
 22616 | D:14     | Killed a two-headed ogre
 22617 | D:14     | Reached skill level 13 in Fighting
 22617 | D:14     | Gained mutation: Your demonic aura causes all spilled blood
                  | to erupt in flames. [demonic ancestry]
 22617 | D:14     | Reached XP level 13. HP: 105/111 MP: 27/27
 22841 | D:14     | Found a gate to the Vaults.
 23385 | D:14     | Killed Agnes
 23461 | D:14     | Learned a level 6 spell: Iron Shot
 24158 | D:14     | Reached skill level 14 in Fighting
 24174 | D:14     | Identified the +8 war axe "Rykaweudd" {protect, rC+ Str+2}
 24975 | D:15     | Entered Level 15 of the Dungeon
 25933 | D:15     | Noticed a fire dragon
 26297 | D:15     | Reached XP level 14. HP: 121/121 MP: 26/30
 27253 | Lair:1   | Entered Level 1 of the Lair of Beasts
 27263 | Lair:1   | Reached skill level 15 in Fighting
 27482 | Lair:1   | Found a blossoming altar of Fedhas.
 27741 | Lair:1   | Reached ***** piety under Vehumet
 27748 | Lair:1   | Offered knowledge of Orb of Destruction by Vehumet.
 28707 | D:1      | Bought a potion of might for 44 gold pieces
 28707 | D:1      | Bought a potion of ambrosia for 88 gold pieces
 28707 | D:1      | Bought a potion of curing for 33 gold pieces
 28707 | D:1      | Bought a potion of mutation for 88 gold pieces
 29725 | Lair:2   | Found a staircase to the Swamp.
 29914 | Lair:2   | Found a hole to the Spider Nest.
 30602 | Lair:2   | Learned a level 7 spell: Orb of Destruction
 30678 | Swamp:1  | Entered Level 1 of the Swamp
 30791 | Lair:3   | Found a gate leading to a gauntlet.
 30934 | Gauntlet | Entered a Gauntlet
 30934 | Gauntlet | Found a transporter.
 30934 | Gauntlet | Found a transporter.
 30938 | Gauntlet | Found a transporter.
 30938 | Gauntlet | Found a transporter.
 30950 | Gauntlet | Found a transporter.
 30957 | Gauntlet | Found a transporter.
 30965 | Gauntlet | Found a transporter.
 30967 | Gauntlet | Found a transporter.
 30967 | Gauntlet | Found a transporter.
 30973 | Gauntlet | Found a transporter.
 31009 | Gauntlet | Found a transporter.
 31027 | Gauntlet | Found a transporter.
 31072 | Gauntlet | Found a transporter.
 31074 | Gauntlet | Found a large runed translucent door.
 31074 | Gauntlet | Found a large runed translucent door.
 31075 | Gauntlet | Found a large runed translucent door.
 31075 | Gauntlet | Found a large runed translucent door.
 31076 | Gauntlet | Found a runed translucent door.
 31076 | Gauntlet | Found a large runed translucent door.
 31076 | Gauntlet | Found a large runed translucent door.
 31076 | Gauntlet | Found a runed translucent door.
 31076 | Gauntlet | Found a large runed translucent door.
 31076 | Gauntlet | Found a large runed translucent door.
 31077 | Gauntlet | Found a large runed translucent door.
 31077 | Gauntlet | Found a large runed translucent door.
 31080 | Gauntlet | Found a large runed translucent door.
 31080 | Gauntlet | Found a large runed translucent door.
 31082 | Gauntlet | Found a large runed translucent door.
 31082 | Gauntlet | Found a large runed translucent door.
 31082 | Gauntlet | Found a large runed translucent door.
 31084 | Gauntlet | Found a runed translucent gate.
 31084 | Gauntlet | Found a runed translucent gate.
 31084 | Gauntlet | Found a runed translucent gate.
 31086 | Gauntlet | Found a transporter.
 31097 | Gauntlet | Found a large runed translucent door.
 31186 | Gauntlet | Found a transporter.
 31200 | Gauntlet | Found a transporter.
 31294 | Gauntlet | Reached skill level 16 in Fighting
 31447 | Gauntlet | Identified the +2 ring mail of Nim Axis {Dex+3}
 31454 | Gauntlet | Identified the -1 pair of boots "Darota" {rF- rN+ Int+4
                  | SInv}
 31601 | Gauntlet | Identified the +0 pair of boots of Articulation {Rampage
                  | Dex+4}
 31618 | Gauntlet | Identified the +9 rapier of Qerer {freeze, Contam Str+7
                  | Stlth+}
 31712 | Gauntlet | Got Jajeoc's Incunabulum of Icy Darkness
 32865 | Lair:4   | Offered knowledge of Eringya's Noxious Bog by Vehumet.
 33666 | Lair:4   | Reached XP level 15. HP: 122/132 MP: 20/33
 34960 | Lair:5   | Found a staircase to the Slime Pits.
 35556 | Lair:5   | Noticed Josephine
 35562 | Lair:5   | Killed Josephine
 35816 | Lair:5   | Reached skill level 17 in Fighting
 35817 | Lair:5   | Offered knowledge of Conjure Ball Lightning by Vehumet.
 36266 | Lair:6   | Entered Level 6 of the Lair of Beasts
 36362 | Lair:6   | Reached skill level 15 in Spellcasting
 37216 | Lair:6   | Reached skill level 10 in Earth Magic
 38228 | Orc:1    | Entered Level 1 of the Orcish Mines
 38287 | Orc:1    | Found Hitsom Nedo's Distillery.
 38293 | Orc:1    | Bought a potion of brilliance for 44 gold pieces
 38293 | Orc:1    | Bought a potion of attraction for 33 gold pieces
 38355 | Orc:1    | Found Uwiek's Distillery.
 38407 | Orc:1    | Bought a potion of invisibility for 104 gold pieces
 38431 | Orc:1    | Found Lasum's Distillery.
 38671 | Orc:1    | Found Abinuicuan's Book Emporium.
 38679 | Orc:1    | Bought Great Wizards, Vol. II for 570 gold pieces
 38736 | Orc:1    | Found Axell's Antique Armour Shoppe.
 38744 | Orc:1    | Bought an embroidered cloak for 255 gold pieces
 38749 | Orc:1    | Bought a helmet for 153 gold pieces
 39082 | Orc:2    | Entered Level 2 of the Orcish Mines
 39154 | Orc:2    | Found a staircase to the Elven Halls.
 39242 | Orc:2    | Found a dark tunnel.
 39287 | Volcano  | Entered a volcano
 39513 | Volcano  | Reached skill level 1 in Shields
 39556 | Volcano  | Offered knowledge of Freezing Cloud by Vehumet.
 39565 | Volcano  | Learned a level 5 spell: Freezing Cloud
 39572 | Volcano  | Learned a level 5 spell: Borgnjor's Vile Clutch
 39769 | Volcano  | Found a burning altar of Makhleb.
 39795 | Volcano  | Found a radiant altar of Vehumet.
 39820 | Volcano  | Identified the +0 pair of gloves of Ysol {rPois}
 39871 | Orc:2    | Noticed an orc warlord
 39881 | Orc:2    | Reached skill level 1 in Necromancy
 39888 | Orc:2    | Killed an orc warlord
 40375 | Orc:2    | Gained mutation: Your movements are less encumbered by
                  | armour. (ER -4) [demonic ancestry]
 40375 | Orc:2    | Reached XP level 16. HP: 93/141 MP: 13/35
 40609 | Orc:2    | Found Mubecs's Jewellery Boutique.
 40609 | Orc:2    | Found Cycsib's Jewellery Shoppe.
 40674 | Orc:2    | Found Vethron's Antique Weapon Boutique.
 40674 | Orc:2    | Found Oliklemn's Magic Scroll Shoppe.
 40699 | Orc:2    | Bought an ichor-stained trident for 263 gold pieces
 40699 | Orc:2    | Identified the +6 trident of the Wasteland {flame, Fragile
                  | rCorr Str+7} (You bought it in a shop on level 2 of the
                  | Orcish Mines)
 40700 | Orc:2    | Bought a scroll of identify for 24 gold pieces
 40700 | Orc:2    | Bought a scroll of identify for 24 gold pieces
 40931 | Orc:2    | Bought a scroll of teleportation for 36 gold pieces
 40931 | Orc:2    | Bought a scroll of teleportation for 36 gold pieces
 40931 | Orc:2    | Bought a scroll of fear for 42 gold pieces
 41123 | Spider:1 | Entered Level 1 of the Spider Nest
 41658 | Spider:1 | Reached skill level 10 in Conjurations
 42369 | Spider:2 | Offered knowledge of Yara's Violent Unravelling by Vehumet.
 43243 | Spider:2 | Reached ****** piety under Vehumet
 43243 | Spider:2 | Noticed Arachne
 43437 | Spider:2 | Killed Arachne
 43438 | Spider:2 | Reached skill level 5 in Necromancy
 43743 | Spider:2 | Offered knowledge of Iskenderun's Battlesphere by Vehumet.
 45067 | Spider:3 | Acquired a staff of earth
 45097 | Spider:3 | Noticed Jorgrun
 45104 | Spider:3 | Killed Jorgrun
 45138 | Spider:3 | Reached XP level 17. HP: 109/149 MP: 15/36
 45704 | Spider:3 | Slain by an emperor scorpion

Illustrated notes

Levels and vault maps discovered:
D:1:      giann_bridges, layout_basic, serial_shops, nicolae_shop_hallway_plus
D:2:      layout_loops_corners, hellmonk_ecumenical_altar_blasted,
          columned_hall_lemuel
D:3:      minmay_goblin_kobold_castle, layout_basic, wad_orctagon
D:4:      layout_cave_pools, minmay_misc_feat_hallway, minivault_5,
          nrook_loot_triangle, minmay_quantized
D:5:      minmay_angry_zag, layout_cave_pools, yredelemnul_altar_generic,
          mainiacjoe_overflow_concentric_impassable,
          minmay_temple_entry_glassed_door, hangedman_glass_teeth, st_stairs_13,
          grunt_ministairs_12
D:6:      layout_loops_ring, minitemple, grunt_ministairs_7,
          kennysheep_crisscross, corexii_item_surrounded_by_moat
D:7:      layout_gridville, lemuel_doored_altar, serial_shops, shop_fountains,
          minivault_5, lemuel_old_faithful, uniq_maggie, uniq_prince_ribbit1
D:8:      layout_basic, enter_bailey_3
D:9:      layout_irregular_city, hangedman_decor_growths
D:10:     layout_long_grid, minmay_lair_entry_grove, erik_orc_2
D:11:     layout_loops_ring, slow_altar_2
D:12:     layout_stronghold
D:13:     layout_irregular_city, minmay_misc_feat_room
D:14:     minmay_the_grid_triangle_9x9_recursive_3
          [minmay_the_grid_triangle_9x9_shrine,
          minmay_the_grid_triangle_9x9_limited_checkers,
          minmay_the_grid_triangle_9x9_swiss_cheese,
          minmay_the_grid_triangle_9x9_prize_top_heavy,
          minmay_the_grid_triangle_9x9_tough_junction,
          minmay_the_grid_triangle_9x9_semitri,
          minmay_the_grid_triangle_9x9_intruding_spiral,
          minmay_the_grid_triangle_9x9_from_above,
          minmay_the_grid_triangle_9x9_zippers_horizontal], layout_rooms,
          hangedman_vaults_entry_quadrant_bands, kennysheep_pointless_box,
          serial_park_tiny_pond, uniq_agnes
D:15:     grunt_enter_depths_hoard, layout_gridville, serial_park_square1
          [serial_park_minivault_5x5_6], minmay_quadrilaterals
Temple:   dshaligram_water_room_temple
Lair:1:   dreamdust_isle_of_ice, layout_cave_shapes, minivault_26, tgw_fedhas,
          serial_bayou_shore_a, serial_bayou_shore_b
Lair:2:   layout_gridlike, minmay_swamp_entry_reptiles,
          spider_nest_entry_funnel_web, bobbens_dragon_lair_wall,
          grunt_megastairs_3
Lair:3:   layout_cave_pods, gauntlet_entry_generic, disabler_island
Lair:4:   layout_layer_cave
Lair:5:   layout_cave_pods, slime_dummy, special_room
          [special_room_mythical_zoo], uniq_josephine
Lair:6:   minmay_lair_end_enchanted_forest, layout_cave_pods,
          serial_bayou_shore_b
Swamp:1:  layout_basic_swamp, lemuel_altar_in_water
Spider:1: layout_spider_delve
Spider:2: layout_spider_delve, special_room [special_room_bee],
          hangedman_spider_tarantella_strand, uniq_arachne
Spider:3: layout_spider_delve, nicolae_spider_jagged_tunnels, uniq_jorgrun
Orc:1:    layout_diamond_mine, serial_shops, shop,
          nicolae_shop_temple_entry_statues_fountains,
          nicolae_shop_advertising_works [nicolae_subvault_shop_adworks],
          nicolae_diamond_shop, shop, mines3_lemuel
Orc:2:    grunt_orc_tribal_feast, layout_diamond_mine, basic_altar,
          enter_volcano_1

Skill      XL: |  1  2  3  4  5  6  7  8  9 10 11 12 13 14 15 16 17 |
---------------+----------------------------------------------------+-----
Transmutations | 1 2 3 |  3.0
Fighting       | 1 2 3 4 5 7 9 10 11 13 14 16 17 | 17.9
Earth Magic    | 3 4 5 6 7 8 9 10 11 | 11.6
Armour         | 1 2 3 4 5 6 7 |  7.9
Conjurations   | 1 2 3 4 5 7 8 9 10 | 10.6
Spellcasting   | 3 4 5 6 7 9 10 12 14 15 | 15.9
Shields        | 1 3 4 |  4.0
Necromancy     | 1 6 |  6.0
Dodging        | |  1.7
Stealth        | |  1.7

Action                   |  1- 3 |  4- 6 |  7- 9 | 10-12 | 13-15 | 16-18 || total
-------------------------+-------+-------+-------+-------+-------+-------++-------
Melee: Club              |   113 |       |       |       |       |       ||   113
       Unarmed           |     4 |       |       |       |       |       ||     4
       Staff             |    24 |    77 |       |       |       |       ||   101
       Punch             |     1 |     2 |     3 |     2 |       |       ||     8
       Whip              |       |    23 |       |       |       |       ||    23
       Dagger            |       |    64 |   131 |    52 |       |       ||   247
       Lajatang          |       |       |       |    48 |   157 |    45 ||   250
 Cast: Sandblast         |    38 |   113 |    61 |    63 |    43 |     6 ||   324
       Stone Arrow       |       |       |    79 |   220 |   127 |     8 ||   434
       Iskenderun's Myst |       |       |       |    39 |   135 |    77 ||   251
       Mephitic Cloud    |       |       |       |    41 |    52 |     4 ||    97
       Olgreb's Toxic Ra |       |       |       |     2 |    95 |    40 ||   137
       Iron Shot         |       |       |       |       |   154 |    76 ||   230
       Lee's Rapid Decon |       |       |       |       |    11 |       ||    11
       Orb of Destructio |       |       |       |       |    25 |       ||    25
       Passwall          |       |       |       |       |     1 |       ||     1
       Freezing Cloud    |       |       |       |       |     4 |    17 ||    21
       Borgnjor's Vile C |       |       |       |       |     2 |    58 ||    60
       Irradiate         |       |       |       |       |       |     5 ||     5
Evoke: Wand              |       |       |       |     5 |     2 |     2 ||     9
  Use: Scroll            |       |       |     2 |    18 |    13 |     4 ||    37
       Potion            |       |       |       |     4 |     5 |       ||     9
 Stab: Sleeping          |     4 |     3 |     1 |       |       |       ||     8
       Paralysed         |       |       |       |     9 |       |       ||     9
       Confused          |       |       |       |       |     2 |     1 ||     3
Armor: Robe              |     4 |       |     8 |    69 |   125 |    95 ||   301
       Leather armour    |    69 |    53 |    70 |       |       |       ||   192
       Skin              |       |       |       |       |     3 |       ||     3
Dodge: Dodged            |   124 |   130 |   123 |   130 |   190 |   130 ||   827
Block: Other             |       |       |       |       |    46 |       ||    46
